[Event "Titled Tuesday Blitz August 08 Early 2023"]
[White "Galchenko, Matvey"]
[Black "Hua, Lefong"]
[WhiteFideId "24175480"]
[BlackFideId "2602253"]
[WhiteElo "2877"]
[BlackElo "2666"]
[Result "1-0"]
[Round "3"]
[TimeControl "180+1"]
[Date "2023.08.08"]
[WhiteClock "0:00:02"]
[BlackClock "0:00:00"]
[Board "31"]

1. f4 g6 2. Nf3 Bg7 3. g3 c5 4. Bg2 Nc6 5. O-O d6 6. d3 Nf6 7. Nc3 O-O 8. e4 Bg4 9. h3 Bxf3 10. Qxf3 Nd7 11. g4 Rb8 12. a4 Nd4 13. Qf2 b6 14. Be3 a6 15. Rae1 b5 16. axb5 axb5 17. h4 b4 18. Nd1 e6 19. g5 h5 20. f5 exf5 21. c3 bxc3 22. bxc3 Ne6 23. exf5 gxf5 24. Qxf5 Ne5 25. Be4 Ng6 26. Qf3 d5 27. Bxd5 Nxh4 28. Qh1 Nxg5 29. c4 Rb6 30. Rf4 Rg6 31. Kf1 Ngf3 32. Bxf3 Qxd3+ 33. Be2 Qd6 34. Qxh4 Bh6 35. Rf3 Bxe3 36. Nxe3 Re8 37. Nf5 Qe5 38. Qxh5 Kf8 39. Qh4 Kg8 40. Bd3 1-0


[Site "https://www.chess.com"]

[Event "Titled Tuesday Blitz August 08 Early 2023"]
[White "Isanzhulov, Arystan"]
[Black "Petrosian, Karlen"]
[WhiteFideId "13711644"]
[BlackFideId "4176146"]
[WhiteElo "2871"]
[BlackElo "2665"]
[Result "1/2-1/2"]
[Round "3"]
[TimeControl "180+1"]
[Date "2023.08.08"]
[WhiteClock "0:00:41"]
[BlackClock "0:00:50"]
[Board "32"]

1. a3 d6 2. c3 e5 3. g3 Nd7 4. Bg2 Ngf6 5. d4 g6 6. e4 Bg7 7. Ne2 O-O 8. O-O a5 9. h3 a4 10. Kh2 c6 11. Be3 Qc7 12. Qc1 Re8 13. Bh6 exd4 14. Bxg7 Kxg7 15. Nxd4 Nxe4 16. Qf4 Ndc5 17. Nd2 Nxd2 18. Qxd2 d5 19. Rfe1 Bd7 20. h4 Rxe1 21. Rxe1 Re8 22. Nf5+ gxf5 23. Qd4+ f6 24. Rxe8 Bxe8 25. Qxc5 f4 26. Qa7 fxg3+ 27. fxg3 Bg6 28. Qxa4 Qb6 29. Qb4 Qxb4 30. axb4 Be4 31. Bh3 f5 32. g4 fxg4 33. Bxg4 Kf6 34. Bc8 b6 35. Bb7 c5 36. bxc5 bxc5 37. b4 cxb4 38. cxb4 Ke5 39. Kg3 Kd4 40. Kf4 Kc4 41. Ke5 Kxb4 42. Bxd5 Bxd5 43. Kxd5 h5 44. Ke5 Kc5 45. Kf5 Kd6 46. Kf6 Kd7 47. Kg6 Ke8 48. Kxh5 Kf8 49. Kh6 Kg8 50. Kg6 Kh8 51. Kh6 Kg8 52. Kg6 Kh8 53. Kg5 Kg8 54. Kh5 Kh8 55. Kg4 Kg8 56. Kh3 Kh8 57. Kg3 Kg8 58. Kh2 Kh8 59. Kg2 Kg8 60. Kh1 Kh8 61. Kg1 Kg8 62. Kh2 Kh8 63. Kg2 Kg8 64. Kg3 Kh8 65. Kh3 Kg8 66. Kg4 Kh8 67. h5 Kg8 68. Kh4 Kh8 69. Kg5 Kg8 70. Kh6 Kh8 71. Kg6 Kg8 72. Kg5 Kh8 73. Kg4 Kg8 74. Kh4 Kh8 75. Kg3 Kg8 76. Kh3 Kh8 77. Kg2 Kg8 78. Kh2 Kh8 79. Kg1 Kg8 80. Kh1 Kh8 81. Kg2 Kg8 82. Kh2 Kh8 83. Kg3 Kg8 84. Kh3 Kh8 85. Kg4 1/2-1/2


[Site "https://www.chess.com"]

[Event "Titled Tuesday Blitz August 08 Early 2023"]
[White "Dehtiarov, Roman"]
[Black "Bernadskiy, Vitaliy"]
[WhiteFideId "14186640"]
[BlackFideId "14100371"]
[WhiteElo "2665"]
[BlackElo "2871"]
[Result "0-1"]
[Round "3"]
[TimeControl "180+1"]
[Date "2023.08.08"]
[WhiteClock "0:00:00"]
[BlackClock "0:01:15"]
[Board "33"]

1. c4 e6 2. d4 b6 3. Nc3 Bb7 4. e4 Bb4 5. f3 Ne7 6. Bd3 O-O 7. Ne2 d5 8. a3 Bxc3+ 9. Nxc3 dxe4 10. Bxe4 Bxe4 11. fxe4 Nbc6 12. Be3 f5 13. e5 f4 14. Bf2 Nf5 15. Ne2 Nh4 16. O-O Nxg2 17. Kxg2 f3+ 18. Kh1 fxe2 19. Qxe2 Nxd4 20. Qe4 Nf5 21. Rad1 Qe7 22. c5 Rad8 23. cxb6 cxb6 24. Qc6 h6 25. Bg3 Rxd1 26. Rxd1 Ne3 27. Re1 Qf7 28. h3 Qf3+ 29. Qxf3 Rxf3 30. Bh2 Rxh3 31. Kg1 Rf3 32. Rc1 Kh7 0-1


[Site "https://www.chess.com"]

[Event "Titled Tuesday Blitz August 08 Early 2023"]
[White "Pranav Anand"]
[Black "Weishaeutel, Moritz"]
[WhiteFideId "46626786"]
[BlackFideId "12967300"]
[WhiteElo "2867"]
[BlackElo "2646"]
[Result "1/2-1/2"]
[Round "3"]
[TimeControl "180+1"]
[Date "2023.08.08"]
[WhiteClock "0:01:19"]
[BlackClock "0:00:03"]
[Board "34"]

1. Nf3 Nf6 2. c4 e6 3. g3 d5 4. Bg2 Be7 5. O-O O-O 6. d4 dxc4 7. Qc2 a6 8. a4 b6 9. Ne5 Ra7 10. Qxc4 Bb7 11. Bxb7 Rxb7 12. Bg5 h6 13. Bxf6 Bxf6 14. Nc6 Qd6 15. Nxb8 Rfxb8 16. e3 c5 17. dxc5 bxc5 18. Nc3 Rb4 19. Ne4 Rxc4 20. Nxd6 Rc2 21. Rac1 Rbxb2 22. Rxc2 Rxc2 23. Rb1 Bb2 24. a5 Kf8 25. Kg2 Ke7 26. Ne4 c4 27. Nc5 c3 28. Nxa6 Rd2 29. Nb4 c2 30. Nxc2 Rxc2 31. a6 Be5 32. Rb7+ Kf6 33. a7 Ra2 34. Kf3 Bd6 35. Kg4 Bc5 36. Rc7 Bxa7 37. Kf3 Bb6 38. Rb7 Bd8 39. Rb1 Be7 40. Rd1 Ra5 41. Kg2 Rf5 42. Rc1 Rd5 43. Rb1 g5 44. Rb2 Rd6 45. Rc2 e5 46. Ra2 Ke6 47. Ra4 f5 48. h4 gxh4 49. gxh4 e4 50. Kg3 Ke5 51. Ra5+ Kf6 52. Kf4 Kg6 53. h5+ Kxh5 54. Rxf5+ Kg6 55. Kxe4 Rf6 56. Rxf6+ Bxf6 57. Kf3 Kf5 58. Kg2 Ke4 59. Kf1 Bg5 60. Kg1 Bxe3 61. fxe3 Kxe3 62. Kg2 Kf4 63. Kh3 Kg5 1/2-1/2


[Site "https://www.chess.com"]

[Event "Titled Tuesday Blitz August 08 Early 2023"]
[White "Janik, Igor"]
[Black "Timerkhanov, Alexander"]
[WhiteFideId "1159259"]
[BlackFideId "24177938"]
[WhiteElo "2858"]
[BlackElo "2641"]
[Result "0-1"]
[Round "3"]
[TimeControl "180+1"]
[Date "2023.08.08"]
[WhiteClock "0:00:47"]
[BlackClock "0:01:00"]
[Board "35"]

1. Nf3 d5 2. e3 Nf6 3. b3 Bf5 4. Bb2 e6 5. Be2 h6 6. c4 c6 7. d3 Nbd7 8. Nbd2 Bd6 9. O-O Qe7 10. a3 a5 11. h3 Bh7 12. cxd5 cxd5 13. Nd4 O-O 14. Nb5 Bc5 15. d4 Bd6 16. Nxd6 Qxd6 17. a4 Rfc8 18. Ba3 Qb6 19. Bb5 Nb8 20. Rc1 Na6 21. Rxc8+ Rxc8 22. Qa1 Nb4 23. Rc1 Rc7 24. Bxb4 axb4 25. Qb2 Bf5 26. g4 Bg6 27. Kg2 Ne4 28. Nxe4 Bxe4+ 29. f3 Bg6 30. Qd2 h5 31. Be2 h4 32. Qe1 Rc2 33. Kf2 Qc7 34. Rxc2 Qh2+ 35. Kf1 Bxc2 36. Qxb4 Qxh3+ 37. Ke1 Qg3+ 38. Kd2 h3 39. Qc3 Bg6 0-1


[Site "https://www.chess.com"]

[Event "Titled Tuesday Blitz August 08 Early 2023"]
[White "Kushko, Dmitriy"]
[Black "Sakun, Volodymyr"]
[WhiteFideId "14162261"]
[BlackFideId "14114062"]
[WhiteElo "2840"]
[BlackElo "2632"]
[Result "1-0"]
[Round "3"]
[TimeControl "180+1"]
[Date "2023.08.08"]
[WhiteClock "0:00:27"]
[BlackClock "0:00:16"]
[Board "36"]

1. Nf3 Nf6 2. g3 d5 3. Bg2 c5 4. O-O Nc6 5. d4 e6 6. c4 Be7 7. Nc3 dxc4 8. dxc5 Qxd1 9. Rxd1 Bxc5 10. Nd2 Na5 11. Nde4 Be7 12. Nb5 O-O 13. Nc7 Rb8 14. Bf4 Nc6 15. Rac1 e5 16. Be3 Ng4 17. Bc5 Bf5 18. Bxe7 Nxe7 19. Rxc4 Rfd8 20. Rcc1 b6 21. Nd6 Be6 22. Nxe6 fxe6 23. Bh3 h5 24. f3 Ne3 25. Bxe6+ Kh7 26. Rd3 b5 27. Rc7 Ng6 28. Kf2 Nc2 29. Rxc2 1-0


[Site "https://www.chess.com"]

[Event "Titled Tuesday Blitz August 08 Early 2023"]
[White "Goltsev, Dmitry"]
[Black "Talibov, Shiroghlan"]
[WhiteFideId "24176710"]
[BlackFideId "13429078"]
[WhiteElo "2628"]
[BlackElo "2835"]
[Result "0-1"]
[Round "3"]
[TimeControl "180+1"]
[Date "2023.08.08"]
[WhiteClock "0:00:04"]
[BlackClock "0:00:10"]
[Board "37"]

1. e4 c5 2. Nf3 d6 3. d4 cxd4 4. Nxd4 Nf6 5. Nc3 a6 6. Be2 g6 7. O-O Bg7 8. Be3 O-O 9. f4 b5 10. Bf3 e5 11. fxe5 dxe5 12. Nb3 Qc7 13. Nd5 Nxd5 14. exd5 Bb7 15. d6 Qc8 16. Nc5 Bxf3 17. Qxf3 Nd7 18. Nxd7 Qxd7 19. Qd5 Rac8 20. c3 Rfe8 21. Rad1 Re6 22. Bb6 Rc6 23. Bc5 Bf8 24. b4 Bxd6 25. Kh1 Qc7 26. Rxf7 Kxf7 27. Rf1+ Ke7 28. Be3 Qd7 29. Qf3 Qe8 30. Rd1 e4 31. Bg5+ Kd7 32. Qh3 Qf7 33. a4 h5 34. Qe3 Rc7 35. Qb6 Qf5 36. Bh4 Qg4 37. Rd2 Qxh4 38. g3 Qg5 39. axb5 Qxd2 40. bxa6 Qd1+ 41. Kg2 Qf3+ 42. Kh3 Qf5+ 43. Kg2 Qf3+ 44. Kh3 g5 45. a7 g4+ 46. Kh4 Be7+ 47. Kxh5 Qf5# 0-1


[Site "https://www.chess.com"]

[Event "Titled Tuesday Blitz August 08 Early 2023"]
[White "Domingo Nunez, Ruben"]
[Black "Bharath Subramaniyam H"]
[WhiteFideId "22245570"]
[BlackFideId "46634827"]
[WhiteElo "2621"]
[BlackElo "2829"]
[Result "0-1"]
[Round "3"]
[TimeControl "180+1"]
[Date "2023.08.08"]
[WhiteClock "0:00:11"]
[BlackClock "0:01:22"]
[Board "38"]

1. Nf3 d5 2. b3 c5 3. Bb2 f6 4. e3 e5 5. Bb5+ Nc6 6. c4 d4 7. exd4 cxd4 8. d3 Bd7 9. O-O a6 10. Ba4 Be7 11. Re1 Nh6 12. Nbd2 O-O 13. Ne4 b6 14. a3 Nf7 15. b4 f5 16. Ng3 f4 17. Nf5 Bf6 18. Qe2 g6 19. Ng3 fxg3 20. fxg3 Bg7 21. Rf1 Rc8 22. Bb3 Kh8 23. Bc1 Nd6 24. Ng5 Rxf1+ 25. Qxf1 h6 26. Nf7+ Nxf7 27. Qxf7 Qe8 28. Qd5 e4 29. dxe4 Be6 30. Qd6 d3 31. Ra2 Nd4 32. Bd1 Bxc4 33. Rf2 Ne2+ 34. Bxe2 dxe2 35. Bd2 Qxe4 36. h4 0-1


[Site "https://www.chess.com"]

[Event "Titled Tuesday Blitz August 08 Early 2023"]
[White "Tsvetkov, Andrey"]
[Black "JeRoma71"]
[WhiteFideId "34139360"]
[WhiteElo "2613"]
[BlackElo "2829"]
[Result "0-1"]
[Round "3"]
[TimeControl "180+1"]
[Date "2023.08.08"]
[WhiteClock "0:00:04"]
[BlackClock "0:00:25"]
[Board "39"]

1. d4 g6 2. e4 Bg7 3. Nc3 c6 4. f4 d5 5. e5 Nh6 6. Be3 f6 7. Nf3 Bg4 8. Be2 O-O 9. h3 Nf5 10. Bf2 Bxf3 11. Bxf3 fxe5 12. dxe5 e6 13. O-O Nd7 14. Ne2 g5 15. g4 Ne7 16. Nd4 Nc5 17. fxg5 Qd7 18. b4 Ne4 19. Bxe4 dxe4 20. Nf5 Qe8 21. Nxg7 Kxg7 22. Bc5 b6 23. Bd6 Rf7 24. Rf6 Nd5 25. c4 Nxf6 26. gxf6+ Kh8 27. Qe2 c5 28. b5 a6 29. a4 axb5 30. cxb5 Rfa7 31. Qxe4 Qg6 32. Re1 Qxe4 33. Rxe4 Kg8 34. f7+ Kxf7 35. Rf4+ Kg7 36. Rf6 Rxa4 37. Rxe6 Ra2 38. Be7 Rc2 39. Bf6+ Kf7 40. Re7+ Kf8 0-1


[Site "https://www.chess.com"]

[Event "Titled Tuesday Blitz August 08 Early 2023"]
[White "Vaibhav Jayant Raut"]
[Black "Tristan, Leonardo"]
[WhiteFideId "5089034"]
[BlackFideId "113816"]
[WhiteElo "2601"]
[BlackElo "2828"]
[Result "1-0"]
[Round "3"]
[TimeControl "180+1"]
[Date "2023.08.08"]
[WhiteClock "0:00:06"]
[BlackClock "0:00:16"]
[Board "40"]

1. d4 d5 2. c3 Nf6 3. Bf4 Bf5 4. e3 e6 5. Nf3 c5 6. Bb5+ Nbd7 7. O-O a6 8. Bd3 Bxd3 9. Qxd3 Be7 10. h3 O-O 11. Nbd2 Qb6 12. Rab1 Qc6 13. c4 b5 14. cxd5 Nxd5 15. Bg3 c4 16. Qe2 Bd6 17. e4 Nb4 18. Bxd6 Qxd6 19. a3 Nd3 20. b3 Qxa3 21. bxc4 Nf4 22. Qe3 Qxe3 23. fxe3 Ne2+ 24. Kf2 Nc3 25. Rb3 Na4 26. cxb5 axb5 27. Rxb5 Rfc8 28. Ra1 h6 29. Rb4 Nc3 30. Rxa8 Rxa8 31. Rc4 Ra3 32. Rc8+ Kh7 33. Rc7 Nf6 34. Rxf7 Nfxe4+ 35. Nxe4 Nxe4+ 36. Ke2 Ra2+ 37. Kd3 Nf2+ 38. Kc4 Nd1 39. e4 Rc2+ 40. Kd3 Rxg2 41. d5 exd5 42. exd5 Nb2+ 43. Ke4 Nc4 44. Rc7 Nd6+ 45. Ke5 Nb5 46. Rc6 Re2+ 47. Kf4 Rf2 48. Ke3 Ra2 49. Ne5 Ra3+ 50. Kf4 Rxh3 51. d6 Rh4+ 52. Kg3 Re4 53. d7 Rd4 54. Rc8 Nd6 55. d8=Q Nf5+ 56. Kf3 Nh4+ 57. Ke3 Nf5+ 58. Kf2 Rxd8 59. Rxd8 Ne7 60. Rd7 Ng8 61. Nf3 Nf6 62. Ra7 Kg6 63. Ne5+ Kf5 64. Nd7 Ne4+ 65. Ke3 Ng5 66. Nf8 Kf6 67. Nd7+ Kf5 68. Nc5 g6 69. Ra1 Nh3 70. Rh1 Kg4 71. Ne4 Nf4 72. Rxh6 Ng2+ 73. Kf2 Nh4 74. Rh8 Kf4 75. Nc5 Nf5 76. Nd3+ Ke4 77. Nc5+ Kd5 78. Nd7 Ke6 79. Nf8+ Kf6 80. Nd7+ Ke6 81. Nb6 Kf6 82. Rh1 Kg5 83. Nc4 Kf4 84. Rg1 g5 85. Nb6 g4 86. Nd5+ Ke5 87. Ne3 g3+ 88. Kf3 Nd4+ 89. Kg4 Ne2 90. Rg2 Nc3 91. Rxg3 Ke4 92. Nf5 Nd5 93. Nd6+ Ke5 94. Nc4+ Kd4 95. Nd2 Nf6+ 96. Kf5 Nd5 97. Nf3+ Ke3 98. Ne5+ Kd4 99. Rd3+ Kc5 100. Rd2 Ne3+ 101. Ke4 Nf1 102. Rc2+ Kb4 103. Kf3 Kb3 104. Rf2 Kc3 105. Rxf1 1-0


[Site "https://www.chess.com"]

[Event "Titled Tuesday Blitz August 08 Early 2023"]
[White "Pakleza, Zbigniew"]
[Black "banhgiahuy2606"]
[WhiteFideId "1119290"]
[WhiteElo "2823"]
[BlackElo "2599"]
[Result "1-0"]
[Round "3"]
[TimeControl "180+1"]
[Date "2023.08.08"]
[WhiteClock "0:00:04"]
[BlackClock "0:00:28"]
[Board "41"]

1. d4 Nf6 2. Nf3 d5 3. Bf4 e6 4. e3 Bd6 5. Bg3 O-O 6. Nbd2 c5 7. c3 Qc7 8. Be2 Nbd7 9. c4 cxd4 10. Nxd4 Bxg3 11. hxg3 dxc4 12. Nxc4 a6 13. Rc1 b5 14. Nd2 Qb6 15. g4 h6 16. Bf3 Bb7 17. Bxb7 Qxb7 18. Nc6 Nb6 19. Qf3 Rfc8 20. Ke2 Nc4 21. g5 hxg5 22. Qh3 Kf8 23. Qh8+ Ng8 24. Rh7 f6 25. Nd4 Re8 26. Ne4 Qf7 27. Nc5 Ra7 28. Rxg7 Qxg7 29. Ncxe6+ Rxe6 30. Nxe6+ Ke8 31. Nxg7+ Kf7 32. Nf5 Rd7 33. b3 Ne5 34. Qg7+ Ke6 35. Nd4+ Rxd4 36. Qxg8+ Kf5 37. exd4 1-0


[Site "https://www.chess.com"]

[Event "Titled Tuesday Blitz August 08 Early 2023"]
[White "Zavgorodniy, Sergiy"]
[Black "Mitrabha, Guha"]
[WhiteFideId "14110148"]
[BlackFideId "5057000"]
[WhiteElo "2594"]
[BlackElo "2822"]
[Result "1-0"]
[Round "3"]
[TimeControl "180+1"]
[Date "2023.08.08"]
[WhiteClock "0:00:16"]
[BlackClock "0:00:22"]
[Board "42"]

1. e4 c6 2. d4 d5 3. exd5 cxd5 4. c4 Nf6 5. Nc3 Nc6 6. Nf3 Be6 7. c5 g6 8. Bb5 Bg7 9. Ne5 Rc8 10. Qa4 Bd7 11. O-O O-O 12. Nxd7 Qxd7 13. Re1 a6 14. Bxc6 Rxc6 15. h3 Rd8 16. Bf4 b6 17. b4 Ne4 18. Nxe4 dxe4 19. d5 Qxd5 20. Rad1 Bd4 21. Rxd4 Qxd4 22. Qxc6 Qxb4 23. Qxe4 bxc5 24. Qxb4 cxb4 25. Rxe7 a5 26. Ra7 Rd5 27. Bh6 f6 28. Rg7+ Kh8 29. Rf7 Rd8 30. Ra7 Kg8 31. Rxa5 Kf7 32. Be3 Rb8 33. g4 g5 34. Ra7+ Kg6 35. Ra6 Rd8 36. Rb6 Ra8 37. Rxb4 Rxa2 38. Rb6 Ra4 39. Rd6 Kf7 40. Bd4 Ke7 41. Rxf6 Rxd4 42. Rh6 Kf7 43. Rxh7+ Kg6 44. Ra7 Rd3 45. Kg2 Rb3 46. Re7 Kf6 47. Re3 Rb2 48. Rf3+ Kg6 49. Kg3 Rb1 50. Rd3 Kf6 51. Rd6+ Kf7 52. f3 Rg1+ 53. Kf2 Rh1 54. Kg2 Ra1 55. Rd2 Kf6 56. Kg3 Rg1+ 57. Rg2 Rh1 58. Rh2 Rg1+ 59. Kf2 Ra1 60. h4 Kg6 61. hxg5 Kxg5 62. Rh5+ Kg6 63. Rb5 Rc1 64. Kg3 Kf6 65. Rb4 Kg5 66. f4+ Kf6 67. Rb6+ Kf7 68. g5 Rg1+ 69. Kf3 Ra1 70. Kg4 Ke7 71. Rb7+ Ke6 72. f5+ Ke5 73. Re7+ Kd6 74. Re2 Rh1 75. g6 Rf1 76. Kg5 1-0


[Site "https://www.chess.com"]

[Event "Titled Tuesday Blitz August 08 Early 2023"]
[White "Rasulov, Vugar"]
[Black "maksimys18"]
[WhiteFideId "13402390"]
[WhiteElo "2822"]
[BlackElo "2591"]
[Result "1-0"]
[Round "3"]
[TimeControl "180+1"]
[Date "2023.08.08"]
[WhiteClock "0:00:51"]
[BlackClock "0:00:17"]
[Board "43"]

1. d4 e6 2. Nf3 d5 3. g3 f5 4. Bg2 Nf6 5. O-O Bd6 6. b3 O-O 7. Ba3 Nbd7 8. c4 Bxa3 9. Nxa3 c6 10. b4 Ne4 11. b5 a6 12. bxc6 bxc6 13. Qc2 Qa5 14. Nb1 Rb8 15. Nbd2 Qc3 16. Rfc1 Qxc2 17. Rxc2 a5 18. cxd5 cxd5 19. Nb3 a4 20. Nc5 Ndxc5 21. dxc5 Ba6 22. c6 Rfc8 23. Rac1 a3 24. Ne5 Rb2 25. Bxe4 fxe4 26. Rxb2 axb2 27. Rb1 Rb8 28. Kf1 Rb4 29. Ke1 Kf8 30. c7 Ke8 31. e3 Rb5 32. Kd2 Ke7 33. Kc3 Kd6 34. Nf7+ Ke7 35. Ne5 Kd6 36. f4 Rb7 37. c8=Q 1-0


[Site "https://www.chess.com"]

[Event "Titled Tuesday Blitz August 08 Early 2023"]
[White "Colbow, Collin"]
[Black "Anuj Shrivatri"]
[WhiteFideId "16201132"]
[BlackFideId "35070924"]
[WhiteElo "2581"]
[BlackElo "2821"]
[Result "0-1"]
[Round "3"]
[TimeControl "180+1"]
[Date "2023.08.08"]
[WhiteClock "0:00:20"]
[BlackClock "0:01:56"]
[Board "44"]

1. d4 d5 2. Bf4 Nf6 3. Nf3 c5 4. e3 Nc6 5. Nbd2 e6 6. c3 cxd4 7. exd4 Nh5 8. Bg5 f6 9. Bh4 Bd6 10. Bd3 Nf4 11. Bf1 O-O 12. Bg3 Re8 13. Bxf4 Bxf4 14. Be2 e5 15. dxe5 fxe5 16. O-O e4 17. Nd4 Nxd4 18. cxd4 Qg5 19. Nb1 Bh3 20. g3 e3 21. Bf3 exf2+ 22. Rxf2 Bxg3 23. hxg3 Qxg3+ 24. Bg2 Bxg2 0-1


[Site "https://www.chess.com"]

[Event "Titled Tuesday Blitz August 08 Early 2023"]
[White "Thecourseoisildur"]
[Black "Lysyj, Igor"]
[BlackFideId "4150120"]
[WhiteElo "2575"]
[BlackElo "2821"]
[Result "0-1"]
[Round "3"]
[TimeControl "180+1"]
[Date "2023.08.08"]
[WhiteClock "0:01:12"]
[BlackClock "0:00:47"]
[Board "45"]

1. d4 d5 2. c4 e6 3. Nf3 Nf6 4. g3 dxc4 5. Bg2 Nbd7 6. O-O c6 7. a4 b6 8. Nbd2 Ba6 9. Qc2 c3 10. Qxc3 Bxe2 11. Re1 Ba6 12. Qxc6 Rc8 13. Rxe6+ fxe6 14. Qxe6+ Qe7 15. Qb3 h6 16. Nf1 Qf7 17. Qe3+ Be7 18. Ne5 Nxe5 19. dxe5 Ng4 20. Qe1 O-O 21. Bf4 Bc5 22. Ne3 Bxe3 23. Bxe3 Nxe5 24. Bd4 Nf3+ 25. Bxf3 Qxf3 26. Qe6+ Qf7 27. Qg4 Rc4 28. b3 Rc2 29. f4 Bb7 30. Re1 Rg2+ 31. Kf1 Rxh2 32. Re6 Bc8 0-1


[Site "https://www.chess.com"]

[Event "Titled Tuesday Blitz August 08 Early 2023"]
[White "Atakhan, Abtin"]
[Black "Ingebretsen, Jens E"]
[WhiteFideId "22502203"]
[BlackFideId "1522965"]
[WhiteElo "2820"]
[BlackElo "2574"]
[Result "1-0"]
[Round "3"]
[TimeControl "180+1"]
[Date "2023.08.08"]
[WhiteClock "0:01:13"]
[BlackClock "0:00:14"]
[Board "46"]

1. Nf3 d5 2. g3 Nc6 3. d4 Bf5 4. Bg2 Nb4 5. Na3 e6 6. O-O Nf6 7. Ne5 Be7 8. c3 Nc6 9. Qa4 O-O 10. Nxc6 bxc6 11. Qxc6 Rb8 12. b4 Ne4 13. Bxe4 Bxe4 14. Bf4 Bd6 15. Bxd6 cxd6 16. Qa6 e5 17. Rad1 h5 18. Nb1 h4 19. Nd2 exd4 20. Nxe4 dxe4 21. Rxd4 hxg3 22. hxg3 e3 23. Qxd6 exf2+ 24. Rxf2 Qg5 25. Qf4 Qg6 26. Rd3 Rb6 27. Qh4 Re8 28. Rh2 f6 29. Qc4+ Rbe6 30. Re3 Kf7 31. Rh8 Qb1+ 32. Kg2 Qf5 33. Rxe8 1-0


[Site "https://www.chess.com"]

[Event "Titled Tuesday Blitz August 08 Early 2023"]
[White "Mayank Chakraborty"]
[Black "Czerw, Dawid"]
[WhiteFideId "25659766"]
[BlackFideId "1145746"]
[WhiteElo "2819"]
[BlackElo "2573"]
[Result "0-1"]
[Round "3"]
[TimeControl "180+1"]
[Date "2023.08.08"]
[WhiteClock "0:00:00"]
[BlackClock "0:00:02"]
[Board "47"]

1. Nf3 c5 2. e3 Nc6 3. b3 g6 4. Bb2 Nf6 5. Bxf6 exf6 6. c4 d5 7. cxd5 Qxd5 8. Nc3 Qd8 9. Rc1 b6 10. Bb5 Bd7 11. d4 cxd4 12. Nxd4 Nxd4 13. Qxd4 Bxb5 14. Qe4+ Be7 15. Nxb5 O-O 16. Rd1 f5 17. Qf4 Qc8 18. O-O Qb7 19. Qe5 Rfe8 20. Qd5 Qxd5 21. Rxd5 Rec8 22. Rd7 Bf8 23. Nxa7 Rc2 24. a4 Rb2 25. Nc6 Rxb3 26. Ne5 Rxa4 27. Nxf7 Ra2 28. h4 Rbb2 29. Ng5 h6 30. Ne6 Rd2 31. Rb7 Rd6 32. Nd4 Bg7 33. Rc1 Ra8 34. Nb5 Re6 35. Nc7 Rc8 36. Nxe6 Rxc1+ 37. Kh2 Be5+ 38. f4 Bf6 39. Rxb6 Bxh4 40. Nd4 Bf2 41. Rxg6+ Kf7 42. Rxh6 Bxe3 43. Ne2 Re1 44. Rh7+ Kg6 45. Rh3 Rxe2 46. Rf3 Kf6 47. Kh3 Bc5 48. g4 fxg4+ 49. Kxg4 Rg2+ 50. Kh3 Ra2 51. Kg4 Ra1 52. Rd3 Rg1+ 53. Kf3 Rf1+ 54. Ke4 Re1+ 55. Kf3 Re6 56. Rd5 Bd6 57. Rh5 Ke7 58. Rh7+ Kd8 59. Rb7 Rf6 60. Ke4 Rxf4+ 61. Kd5 Bc7 62. Kc6 Rf6+ 63. Kd5 Kd7 64. Rb2 Rf5+ 65. Ke4 Re5+ 66. Kd3 Ke6 67. Rg2 Bd6 68. Rg6+ Kd5 69. Rg2 Rh5 70. Kd2 Rh3 71. Kd1 Be5 72. Rd2+ Bd4 73. Re2 Kc4 74. Rc2+ Kd5 75. Rd2 Rh1+ 76. Kc2 Kc4 77. Re2 Ra1 78. Kd2 Ra2+ 79. Kd1 Ra3 80. Rc2+ Kd3 81. Rd2+ Ke4 82. Re2+ Be3 83. Rc2 Kd3 84. Rd2+ Ke4 85. Rc2 Ra1+ 86. Ke2 Rh1 87. Rc4+ Bd4 88. Rc2 Rh2+ 89. Kd1 Rh3 90. Re2+ Be3 91. Rc2 Kf3 92. Rc4 Rh2 93. Rc3 Ra2 94. Rc4 Rg2 95. Rc3 Ke4 96. Rc4+ Kd3 97. Rg4 Rxg4 0-1


[Site "https://www.chess.com"]

[Event "Titled Tuesday Blitz August 08 Early 2023"]
[White "Christiansen, Johan-Sebastian"]
[Black "Aarav Dengla"]
[WhiteFideId "1512668"]
[BlackFideId "45059756"]
[WhiteElo "2812"]
[BlackElo "2551"]
[Result "1-0"]
[Round "3"]
[TimeControl "180+1"]
[Date "2023.08.08"]
[WhiteClock "0:00:16"]
[BlackClock "0:00:03"]
[Board "48"]

1. e4 c5 2. Nf3 d6 3. Nc3 Nf6 4. e5 dxe5 5. Nxe5 Nbd7 6. d4 Nxe5 7. dxe5 Qxd1+ 8. Kxd1 Ng4 9. Bb5+ Bd7 10. e6 Bxb5 11. Nxb5 O-O-O+ 12. Ke2 a6 13. Nc3 fxe6 14. h3 Nf6 15. Be3 b6 16. Na4 Nd5 17. c4 Nxe3 18. fxe3 Kc7 19. Rhf1 g6 20. Rf7 h5 21. Raf1 Rg8 22. Rh7 Bg7 23. Rf7 Bf8 24. Nc3 Kd7 25. Ne4 Ke8 26. Ng5 Rd6 27. b3 b5 28. Ne4 Rc6 29. a4 bxa4 30. bxa4 Bh6 31. Rxe7+ Kd8 32. Rd7+ Ke8 33. Nf6+ 1-0


[Site "https://www.chess.com"]

[Event "Titled Tuesday Blitz August 08 Early 2023"]
[White "Bettalli, Francesco"]
[Black "Bauman_Guy"]
[WhiteFideId "2816453"]
[WhiteElo "2551"]
[BlackElo "2810"]
[Result "0-1"]
[Round "3"]
[TimeControl "180+1"]
[Date "2023.08.08"]
[WhiteClock "0:01:07"]
[BlackClock "0:00:53"]
[Board "49"]

1. e4 c6 2. d4 d5 3. e5 Bf5 4. Nc3 e6 5. g4 Bg6 6. Nge2 h5 7. Nf4 Bh7 8. gxh5 c5 9. Be3 Nc6 10. Bb5 Ne7 11. dxc5 Nf5 12. Qg4 Nxe3 13. fxe3 Bf5 14. Qf3 Bxc2 15. O-O Qg5+ 16. Kh1 O-O-O 17. Rac1 Nxe5 18. Qe2 Bf5 19. c6 bxc6 20. Bxc6 Nxc6 21. Qa6+ Kd7 22. Qb7+ Kd6 23. Rg1 Qe7 24. e4 Qxb7 0-1


[Site "https://www.chess.com"]

[Event "Titled Tuesday Blitz August 08 Early 2023"]
[White "Mikhailovsky, Vladimir"]
[Black "Deng, Henry"]
[WhiteFideId "34105414"]
[BlackFideId "30965454"]
[WhiteElo "2809"]
[BlackElo "2550"]
[Result "1-0"]
[Round "3"]
[TimeControl "180+1"]
[Date "2023.08.08"]
[WhiteClock "0:00:50"]
[BlackClock "0:01:21"]
[Board "50"]

1. e4 e5 2. Nf3 Nc6 3. Nc3 Nf6 4. d4 exd4 5. Nxd4 Nxe4 6. Nxe4 Qe7 7. f3 d5 8. Bb5 Bd7 9. Bxc6 bxc6 10. O-O dxe4 11. fxe4 Qd6 12. e5 Qd5 13. Be3 c5 14. Nf5 Qxd1 15. Raxd1 g6 16. Nh6 Be6 17. Bg5 Bg7 18. Bf6 Kf8 19. Bxg7+ Kxg7 20. Nxf7 Rhe8 21. Ng5 Bf5 22. Rd5 Rad8 23. Rxc5 Re7 24. h3 Rd2 25. g4 Rxc2 26. gxf5 1-0


[Site "https://www.chess.com"]

[Event "Titled Tuesday Blitz August 08 Early 2023"]
[White "Keleberda, Tymur"]
[Black "Remizov, Yaroslav"]
[WhiteFideId "14174294"]
[BlackFideId "34134015"]
[WhiteElo "2547"]
[BlackElo "2808"]
[Result "0-1"]
[Round "3"]
[TimeControl "180+1"]
[Date "2023.08.08"]
[WhiteClock "0:00:14"]
[BlackClock "0:01:02"]
[Board "51"]

1. e4 c5 2. Nf3 e6 3. c3 d5 4. exd5 exd5 5. Bb5+ Nc6 6. O-O Nf6 7. d4 Be7 8. dxc5 Bxc5 9. Re1+ Be6 10. Be3 Bxe3 11. Rxe3 O-O 12. Nd4 Qb6 13. Na3 Ne4 14. Rb1 Rad8 15. Nac2 Bd7 16. Bf1 f5 17. f4 g5 18. fxg5 f4 19. Re1 Ne5 20. Bd3 f3 21. Rf1 Bg4 22. gxf3 Nxf3+ 23. Kh1 Nxh2 24. Rxf8+ Rxf8 25. Qg1 Nf3 26. Qxg4 Nf2+ 27. Kg2 Nxg4 28. Nxf3 Qf2+ 0-1


[Site "https://www.chess.com"]

[Event "Titled Tuesday Blitz August 08 Early 2023"]
[White "LangesNasenhaar"]
[Black "Sethuraman, S.P."]
[BlackFideId "5021596"]
[WhiteElo "2545"]
[BlackElo "2805"]
[Result "1-0"]
[Round "3"]
[TimeControl "180+1"]
[Date "2023.08.08"]
[WhiteClock "0:00:04"]
[BlackClock "0:00:01"]
[Board "52"]

1. d4 Nf6 2. Nc3 d5 3. Bf4 e6 4. Nb5 Bb4+ 5. c3 Ba5 6. a4 a6 7. b4 Bxb4 8. cxb4 axb5 9. axb5 Rxa1 10. Qxa1 O-O 11. e3 Qe7 12. Qc3 Ne4 13. Qb2 Nd6 14. Bd3 Bd7 15. Qc2 Nxb5 16. Bxh7+ Kh8 17. Bd3 Qxb4+ 18. Kf1 Qc3 19. Qd1 Kg8 20. Ne2 Qa3 21. g4 Na6 22. Kg2 c5 23. h4 c4 24. Bb1 Nb4 25. h5 Nd3 26. h6 g6 27. h7+ Kh8 28. Bh6 Re8 29. Nf4 Nc3 30. Qf3 Qe7 31. Bc2 Ne4 32. Nxd3 cxd3 33. Bxd3 f5 34. Qf4 Qf6 35. g5 Qe7 36. Qe5+ Kxh7 37. Bf8+ Kg8 38. Rh8+ 1-0


[Site "https://www.chess.com"]